 Dungeon Crawl Stone Soup version 0.28.0-53-g5a82cb258f (webtiles) character file.

Game seed: 12466101516993557661

597 Descartes the Cudgeller (level 7, -1/66 HPs)
             Began as a Troll Chaos Knight on July 27, 2022.
             Was a Plaything of Xom.
             Slain by a centaur (2 damage)
             ... on level 4 of the Dungeon.
             The game lasted 00:03:49 (1964 turns).

Descartes the Cudgeller (Troll Chaos Knight)        Turns: 1964, Time: 00:03:49

Health: -1/66      AC:  6    Str: 18    XL:     7   Next: 17%
Magic:  6/6        EV:  9    Int:  8    God:    Xom [...*..]
Gold:   172        SH:  0    Dex:  9    Spells: 6/6 levels left

rFire   . . .      SeeInvis .   a - +0 mace (chaos)
rCold   . . .      Faith    .   (no shield)
rNeg    . . .      Spirit   .   b - +2 robe
rPois   .          Reflect  .   (helmet restricted)
rElec   .          Harm     .   (no cloak)
rCorr   +          Rampage  .   (gloves unavailable)
Will    .....                   (boots unavailable)
Stlth   ++........              (no amulet)
HPRegen 1.01/turn               k - ring of flight
MPRegen 0.10/turn               p - ring of Xeprof Xuyq {+Blink rCorr Str-5 Stlth+}

@: flying
A: large, unfitting armour, claws 3, regeneration 1, shaggy fur 1, tough skin 1
a: Renounce Religion, Evoke Blink


You were on level 4 of the Dungeon.
You worshipped Xom.
You were a favourite toy of Xom.
You visited 1 branch of the dungeon, and saw 4 of its levels.

You collected 172 gold pieces.

Inventory:

Hand Weapons
 a - a +0 mace of chaos (weapon)
 o - a +0 morningstar
 q - a +2 flail of protection
 s - a +0 giant spiked club
Missiles
 n - 3 large rocks (quivered)
 r - 5 boomerangs
 t - 2 throwing nets
Armour
 b - a +2 robe (worn)
Jewellery
 k - a ring of flight (left claw)
 p - the ring of Xeprof Xuyq (right claw) {+Blink rCorr Str-5 Stlth+}
   (You took it off a gnoll on level 3 of the Dungeon)

   [ring of resist corrosion]

   Str:       It affects your strength (-5).
   +Blink:    It lets you blink.
   rCorr:     It protects you from acid and corrosion.
   Stlth:     It makes you more stealthy.
Scrolls
 c - 4 scrolls of teleportation {unknown}
 d - 2 scrolls of identify {unknown}
 g - 2 scrolls of blinking {unknown}
 h - a scroll of enchant armour {unknown}
 i - a scroll of immolation {unknown}
 j - 3 scrolls of vulnerability {unknown}
 l - a scroll of torment {unknown}
 m - a scroll of fear {unknown}
Potions
 e - a potion of berserk rage {unknown}
 f - 3 potions of curing {unknown}


   Skills:
 - Level 2.4 Fighting
 + Level 7.6 Maces & Flails
 - Level 1.9 Dodging


You had 6 spell levels left.
You didn't know any spells.
Your spell library was empty.

Dungeon Overview and Level Annotations

Branches:
Dungeon (4/15)
 Temple: D:4-7

Altars:
Gozag
Ru


Innate Abilities, Weirdness & Mutations

You are too large for most types of armour.
You have claws for hands.
Your natural rate of healing is unusually fast.
You are covered in fur. (AC +1)
You have tough skin. (AC +1)


Message History

The centaur closely misses you. The centaur completely misses you.
The centaur hits you but does no damage.
The centaur kicks you but does no damage.
An endoplasm comes into view.
The endoplasm quivers.
You sock the centaur! You freeze the centaur.
The centaur is heavily wounded.
The centaur hits you but does no damage.
The centaur barely misses you. The centaur hits you.
The centaur kicks you but does no damage.
The centaur hits you.
The centaur kicks you but does no damage.
The centaur hits you but does no damage.
The centaur kicks you but does no damage.
You hit the centaur.
The centaur is severely wounded.
The centaur hits you. The centaur kicks you. The centaur hits you.
The centaur kicks you.
You hit the centaur.
The centaur is severely wounded.
The centaur hits you. The centaur barely misses you.
The centaur hits you but does no damage.
The centaur closely misses you. The centaur hits you.
The centaur kicks you but does no damage.
The centaur closely misses you.
The centaur kicks you but does no damage.
You sock the centaur!
You feel better.
You kill the centaur!
The centaur barely misses you.
The centaur kicks you but does no damage.
You hit the centaur. You freeze the centaur.
The centaur is lightly wounded.
The centaur hits you but does no damage.
The centaur kicks you but does no damage.
The ogre hits you with a +0 giant spiked club!!
* * * LOW HITPOINT WARNING * * *
Xom thinks this is hilarious!
The centaur hits you.
You die...
Xom guffaws!

#### ## #..## #.# #...
#..####..## ##########
....#.....# #.#......
#.......####...##.#
#......##....##..
##............#.##..#.
#....##.......@OJ:....
.
#..#.###.....Z#c)##.#.
#.#.##..##......##...#
#...##...##......##.##
......#..##...........
........##........#####
...................#.##
.......................
............###......##


You could see an ogre, a centaur (ally target), an endoplasm and a friendly
hobgoblin zombie.

Vanquished Creatures
  A centaur (D:4)
  An ogre (D:3)
  An orc priest (D:3)
  Jessica (D:2)
  An orc wizard (D:2)
  4 adders
  7 gnolls
  An ufetubus (D:2)
  12 orcs
  5 ball pythons
  5 endoplasms
  2 giant cockroaches
  6 goblins
  10 hobgoblins
  5 jackals
  5 quokkas
  2 bats
  2 frilled lizards
  6 kobolds
  7 rats
84 creatures vanquished.

Vanquished Creatures (collateral kills)
  A basilisk (D:3)
1 creature vanquished.

Grand Total: 85 creatures vanquished

Notes
Turn   | Place    | Note
-------+----------+-------------------------------------------
     0 | D:1      | Descartes the Troll Chaos Knight began the quest for the
                  | Orb.
     0 | D:1      | Reached XP level 1. HP: 22/22 MP: 0/0
     4 | D:1      | XOM: silly message
    37 | D:1      | XOM: cleaving
    68 | D:1      | Reached skill level 3 in Maces & Flails
   127 | D:1      | Reached XP level 2. HP: 29/29 MP: 1/1
   285 | D:1      | Reached XP level 3. HP: 36/36 MP: 2/2
   401 | D:1      | XOM: cloud trail
   489 | D:2      | XOM: fog
   493 | D:2      | Reached skill level 4 in Maces & Flails
   507 | D:2      | Noticed Jessica
   511 | D:2      | Reached XP level 4. HP: 44/44 MP: 3/3
   513 | D:2      | Killed Jessica
   671 | D:2      | Reached skill level 5 in Maces & Flails
   908 | D:2      | XOM: cloud trail
   971 | D:2      | Reached XP level 5. HP: 50/50 MP: 4/4
  1191 | D:3      | XOM: enchant monster (bad)
  1270 | D:3      | Noticed a basilisk
  1270 | D:3      | an orc priest changed into a basilisk
  1298 | D:3      | XOM: summons 5 friendly demons
  1299 | D:3      | Killed a basilisk
  1300 | D:3      | Reached skill level 6 in Maces & Flails
  1300 | D:3      | Reached XP level 6. HP: 20/59 MP: 5/5
  1415 | D:3      | Found a sacrificial altar of Ru.
  1513 | D:3      | Identified the ring of Xeprof Xuyq {+Blink rCorr Str-5
                  | Stlth+}
  1631 | D:3      | Reached skill level 7 in Maces & Flails
  1657 | D:3      | XOM: butterfly on damage
  1660 | D:3      | XOM: butterfly on damage
  1733 | D:3      | Found an opulent altar of Gozag.
  1929 | D:4      | Reached XP level 7. HP: 66/66 MP: 6/6
  1964 | D:4      | HP: 1/66 [ogre/+0 giant spiked club (26)]
  1964 | D:4      | Slain by a centaur

Illustrated notes

Levels and vault maps discovered:
D:1:      elethiomel_arrival_shortcut, layout_basic, minmay_circled_x
D:2:      layout_rooms, serial_forest, infiniplex_forest_lined_corner,
          infiniplex_forest_end_2, infiniplex_forest_end_2,
          infiniplex_forest_lined_3, infiniplex_forest_straight_5,
          infiniplex_forest_straight_2, infiniplex_forest_straight_1,
          minivault_26, minmay_tromino_v4_b, uniq_jessica
D:3:      layout_rooms, lemuel_doored_altar, nicolae_ru_awakened_eye,
          minmay_misc_feat_cross
D:4:      minmay_inner_zag, layout_cave_pools, tso_altar, minmay_manual_mares

Skill      XL: |  1  2  3  4  5  6 |
---------------+-------------------+-----
Maces & Flails | 3 4 5 6 7 |  7.6
Fighting       | |  2.4
Dodging        | |  1.9

Action                   |  1- 3 |  4- 6 |  7- 9 || total
-------------------------+-------+-------+-------++-------
Melee: Mace              |    61 |   169 |     9 ||   239
       Punch             |       |     5 |       ||     5
 Stab: Sleeping          |     1 |     1 |       ||     2
Armor: Robe              |    42 |    90 |    15 ||   147
Dodge: Dodged            |    16 |    88 |    20 ||   124
